 Dungeon Crawl Stone Soup version 0.13-a0-1458-gad1601e (console) character file.

282 vogonpoet the Covert (level 4, -1/22 HPs)
             Began as a Spriggan Assassin on June 8, 2013.
             Slain by a hound (5 damage)
             ... on Level 4 of the Dungeon.
             The game lasted 00:06:41 (1886 turns).

vogonpoet the Covert (Spriggan Assassin)            Turns: 1886, Time: 00:06:41

HP  -1/22        AC  3     Str  7      XL: 4   Next: 35%
MP   7/7         EV 17     Int 13      God:
Gold 190         SH  0     Dex 17      Spells:  0 memorised,  3 levels left

Res.Fire  : . . .   See Invis. : +   a - +2 dagger {=f}
Res.Cold  : . . .   Warding    : .   c - +0 robe
Life Prot.: . . .   Conserve   : .   (shield restricted)
Res.Poison: .       Res.Corr.  : .   (helmet restricted)
Res.Elec. : .       Clarity    : .   d - +0 cloak
Sust.Abil.: . .     Spirit.Shd : .   (gloves unavailable)
Res.Mut.  : .       Stasis     : .   (boots unavailable)
Res.Rott. : .       Flight     : .   (no amulet)
Saprovore : . . .                    (no ring)
                                     (no ring)

@: very quick, slightly resistant to hostile enchantments, very stealthy
A: unfitting armour, see invisible, herbivore 3, speed 3, slow metabolism 2
a: no special abilities


You were on level 4 of the Dungeon.
You were not hungry.

You visited 1 branch of the dungeon, and saw 4 of its levels.

You collected 140 gold pieces.

Inventory:

Hand weapons
 a - a +2,+2 dagger (weapon) {=f}
 b - a +0 blowgun
 q - a +0,+0 sling
Missiles
 e - 31 poisoned needles
 f - 2 curare-tipped needles
 k - 11 sling bullets
 o - 77 stones (quivered)
Armour
 c - a +0 robe (worn)
 d - a +0 cloak (worn)
Comestibles
 p - 2 bread rations
Scrolls
 h - a scroll of teleportation {unknown}
 i - a scroll of enchant armour {unknown}
 j - 3 scrolls of enchant weapon I {unknown}
 l - a scroll of fear {unknown}
 n - a scroll of noise {unknown}
 u - a scroll of fog {unknown}
 w - 2 scrolls of identify {unknown}
 x - a scroll of remove curse {unknown}
 y - a scroll of amnesia {unknown}
 z - 2 scrolls of magic mapping {unknown}
Jewellery
 r - a cursed ring of teleportation {unknown}
 s - a +1 ring of evasion {unknown}
 A - an uncursed amulet of inaccuracy {unknown}
Potions
 g - a potion of porridge
 m - 3 potions of curing {unknown}
 t - a potion of cure mutation {unknown}
 v - a potion of mutation {unknown}
 B - a potion of heal wounds {unknown}


   Skills:
 - Level 1.5 Fighting
 - Level 2.1 Short Blades
 - Level 2.1 Throwing
 - Level 1.5 Dodging
 + Level 8.9 Stealth


You had 3 spell levels left.
You didn't know any spells.

Dungeon Overview and Level Annotations

Branches:
Dungeon (4/27)
 Temple: D:4-7

Altars:
Xom

Shops:
D:4: (

Annotations
D:3 Kidiri's ghost, average GrFE
D:4 Dowan; Duvessa


Innate Abilities, Weirdness & Mutations

You are tiny and cannot use many weapons and most armour.
You have supernaturally acute eyesight.
You are a herbivore.
You cover ground extremely quickly.
You need consume almost no food.


Message History

Really attack while wielding your uncursed sling? [Y]es or [N]o only, please.
Really attack while wielding your uncursed sling?
Wield which item (- for none, * to show all)? (? for menu, Esc to quit)
a - a +2,+2 dagger (weapon)
{=f} You hit the hound.
The hound is moderately wounded.
The hound barely misses you.
You hit the hound.
The hound is heavily wounded.
The hound misses you.
You hit the hound.
The hound is heavily wounded.
The hound closely misses you.
You hit the hound but do no damage.
The hound is heavily wounded.
The hound bites you.
* * * LOW HITPOINT WARNING * * *
The hound bites you.
You die...

###########
..........#
.########@#
#h# #(# #.#
#(############
#((..........#
#.(#########.#
#..# ##.##
#((# #...##


You could see a hound.

Vanquished Creatures
  Ijyb (D:2)
  An adder (D:4)
  2 adder skeletons (D:4)
  2 worms (D:2)
  An ooze (D:1)
  4 orcs (D:4)
  2 giant cockroaches (D:2)
  2 goblins
  4 hobgoblins
  A jackal (D:4)
  3 kobolds
  A quokka (D:2)
  4 bats
  A giant gecko (D:1)
  4 giant newts (D:2)
  A goblin skeleton (D:4)
  5 rats
39 creatures vanquished.

Vanquished Creatures (others)
  A kobold (D:3)
1 creature vanquished.

Grand Total: 40 creatures vanquished

Notes
Turn   | Place    | Note
--------------------------------------------------------------
     0 | D:1      | vogonpoet, the Spriggan Assassin, began the quest for the Orb.
     0 | D:1      | Reached XP level 1. HP: 10/10 MP: 1/1
    46 | D:1      | Reached skill level 6 in Stealth
   311 | D:1      | Reached XP level 2. HP: 14/14 MP: 3/3
   943 | D:2      | Reached skill level 7 in Stealth
  1123 | D:2      | Reached XP level 3. HP: 18/18 MP: 5/5
  1160 | D:2      | Noticed Ijyb
  1167 | D:2      | Killed Ijyb
  1189 | D:2      | Reached skill level 8 in Stealth
  1299 | D:2      | Found a shimmering altar of Xom.
  1417 | D:3      | Noticed Kidiri's ghost (average GrFE)
  1585 | D:4      | Noticed an ogre
  1595 | D:4      | Found Prued's Weapon Emporium.
  1630 | D:4      | Reached XP level 4. HP: 12/22 MP: 7/7
  1686 | D:4      | Noticed Duvessa
  1691 | D:4      | Noticed Dowan
  1886 | D:4      | Slain by a hound

Action                   |  1- 3 |  4- 6 || total
-------------------------+-------+-------++-------
Melee: Dagger            |    44 |    10 ||    54
 Fire: Sling             |    35 |    40 ||    75
Throw: Stone             |     6 |       ||     6
 Stab: Sleeping          |    12 |     2 ||    14
       Distracted        |       |     1 ||     1
